 Dungeon Crawl Stone Soup version 0.25.1-2-g60ff931df9 (webtiles) character file.

Game seed: 10346851677236366667

93 Delamore the Skirmisher (level 4, -3/43 HPs)
             Began as a Gargoyle Fighter on Sept 1, 2020.
             Killed from afar by Natasha (5 damage)
             ... with a magic dart
             ... on level 3 of the Dungeon.
             The game lasted 00:02:09 (2204 turns).

Delamore the Skirmisher (Gargoyle Fighter)          Turns: 2204, Time: 00:02:10

Health: -3/43      AC: 18    Str: 18 (20) XL:     4   Next: 62%
Magic:  4/4        EV:  2    Int:  8 (9)  God:
Gold:   115        SH:  9    Dex:  7 (9)  Spells: 3/3 levels left

rFire    . . .     SeeInvis .   a - +0 flail
rCold    . . .     Gourm    .   c - +0 kite shield
rNeg     + + +     Faith    .   (armour currently unavailable)
rPois    ∞         Spirit   .   (helmet currently unavailable)
rElec    .         Reflect  .   (cloak currently unavailable)
rCorr    .         Harm     .   (gloves currently unavailable)
MR       .....     NoTele   +   (boots currently unavailable)
Stlth    +.........             r - amulet of the acrobat
HPRegen  0.14/turn              q - -4 ring of protection (curse)
MPRegen  0.09/turn              (no ring)

@: brilliant, tree-form
A: negative energy resistance 1, petrification resistance, rot immunity, AC +3
a: no special abilities


You were on level 3 of the Dungeon.
You were not hungry.
You were a tree.
You visited 1 branch of the dungeon, and saw 3 of its levels.

You collected 115 gold pieces.

Inventory:

Hand Weapons
 a - a +0 flail (weapon)
Missiles
 n - 4 curare-tipped darts (quivered)
Armour
 b - a +0 scale mail (melded)
 c - a +0 kite shield (worn)
 l - a +0 pair of boots (melded)
 t - a +0 pair of gloves (melded)
Jewellery
 k - an uncursed amulet of guardian spirit
 q - a cursed -4 ring of protection (left branch)
 r - an amulet of the acrobat (around neck)
Scrolls
 h - a scroll of random uselessness
 j - 6 scrolls of teleportation
 m - a scroll of blinking
 o - a scroll of noise
 p - a scroll of enchant weapon
 u - a scroll of magic mapping
Potions
 d - a potion of might
 i - a potion of degeneration
Comestibles
 f - 7 rations
 s - 2 chunks of flesh


   Skills:
 + Level 4.1 Fighting
 + Level 2.8 Maces & Flails
 + Level 4.0 Armour
 + Level 4.0 Shields


You had 3 spell levels left.
You didn't know any spells.
Your spell library was empty.

Dungeon Overview and Level Annotations

Branches:
Dungeon (3/15)

Altars:

Annotations:
D:3 Natasha


Innate Abilities, Weirdness & Mutations

You are resistant to torment.
((Your stone body is resilient. (AC +3)))
You are immune to poison.
You resist negative energy. (rN+)
((You are resistant to electric shocks. (rElec)))
((You can survive without breathing.))
You are immune to petrification.
You are immune to rotting.


Message History

* * * LOW HITPOINT WARNING * * *
It was a potion of lignification.
You turn into a tree.
Your +0 pair of gloves melds into your body.
Your +0 pair of boots melds into your body.
Your +0 scale mail melds into your body.
Your roots penetrate the ground.
Natasha claws you but does no damage.
Some of the chunks of flesh in your inventory have rotted away.
It was a potion of brilliance.
You feel clever all of a sudden. You block Natasha's attack.
You miss Natasha. Natasha claws you but does no damage.
You barely miss Natasha. You block Natasha's attack.
You barely miss Natasha. Natasha claws you but does no damage.
Natasha claws you.
* * * LOW HITPOINT WARNING * * *
You barely miss Natasha. You block Natasha's attack.
You closely miss Natasha.
Natasha stares at you and mumbles some strange words.
The magic dart hits you.
You die...

#.# #...###...##
#.#####...# #...#
#.#.......###...#
#.#.............#
#.#....>.....####
#.#..........#
###
#.'.......####
#.. ###.......#
#.. #..♣....# #..
#..h....######
#..
#..^..........
###
#.###.........
#.# #..<......
#.# #.........
#.# #.........
#.# #.........
#.# ##########


You could see Natasha.

Vanquished Creatures
  4 adders
  An ooze (D:3)
  2 worms
  A dart slug (D:2)
  A leopard gecko (D:2)
  An orc (D:3)
  3 bats (D:2)
  8 goblins
  3 hobgoblins
  3 jackals (D:2)
  A ball python (D:1)
  4 frilled lizards
  7 kobolds
  A leopard gecko zombie (D:3)
  6 rats
46 creatures vanquished.

Notes
Turn   | Place    | Note
-------+----------+-------------------------------------------
     0 | D:1      | Delamore the Gargoyle Fighter began the quest for the Orb.
     0 | D:1      | Reached XP level 1. HP: 14/14 MP: 1/1
   554 | D:1      | Reached XP level 2. HP: 19/19 MP: 2/2
   919 | D:2      | Reached XP level 3. HP: 23/23 MP: 3/3
  1495 | D:2      | Reached XP level 4. HP: 29/29 MP: 4/4
  2185 | D:3      | Noticed Natasha
  2197 | D:3      | HP: 1/29 [Natasha (1)]
  2202 | D:3      | HP: 1/43 [Natasha (2)]
  2204 | D:3      | Killed from afar by Natasha

Illustrated notes

Levels and vault maps discovered:
D:1:      dpeg_arrival_radiant, layout_rooms, corner_web_ring
D:2:      layout_loops_corners
D:3:      layout_basic, first_ration, uniq_natasha

Skill      XL: |  1  2  3  4 |
---------------+-------------+-----
Fighting       | 4 |  4.1
Armour         | 4 |  4.0
Shields        | 4 |  4.0
Maces & Flails | |  2.8

Action                   |  1- 3 |  4- 6 || total
-------------------------+-------+-------++-------
Melee: Flail             |   126 |    57 ||   183
  Use: Scroll            |     5 |     2 ||     7
       Potion            |       |     3 ||     3
  Eat: Chunk             |     2 |     2 ||     4
Armor: Scale mail        |    56 |    18 ||    74
       Skin              |       |     3 ||     3
Dodge: Dodged            |    40 |    17 ||    57
Block: Kite shield       |    64 |    23 ||    87
